 Dungeon Crawl Stone Soup version 0.31-a0-574-g69dc8cc98e (webtiles) character file.

Game seed: 1984689104633703980

1477 ytrimaz the Covert (level 8, -1/48 HPs)
             Began as an Octopode Shapeshifter on Aug 18, 2023.
             Was an Initiate of Ashenzari.
             Slain by a centaur (3 damage)
             ... on level 6 of the Dungeon.
             The game lasted 00:05:39 (4820 turns).

ytrimaz the Covert (Octopode Shapeshifter)          Turns: 4820, Time: 00:05:40

Health: -1/48      AC:  5    Str: 15    XL:     8   Next: 79%
Magic:  8/8        EV: 15    Int: 10    God:    Ashenzari [......]
Gold:   868        SH:  0    Dex: 14    Spells: 7/7 levels left

rFire   . .          .
                       - Unarmed
rCold   . . .        (no shield)
rNeg    + . .        (helmet currently unavailable)
rPois   +            (no amulet)
rElec   .            f - +4 ring of protection
rCorr   +            i - ring of poison resistance
SInv    +            j - ring of the Chained Seer {Fly, Comp, Melee} (curse)
Will    .....        q - ring of positive energy
Stlth   +++++        l - ring of resist corrosion
HPRegen 0.28/turn    m - ring of see invisible
MPRegen 0.11/turn    (no ring)
                     (no ring)

%: no passive effects
@: beast-form, flying
A: beast (slay +4), almost no armour, amphibious, 8 rings, camouflage 1,
gelatinous body 1, (nimble swimmer 1), tentacles
a: Begin Untransformation, Renounce Religion, Shatter the Chains


You were on level 6 of the Dungeon.
You worshipped Ashenzari.
Ashenzari was noncommittal.
You were a hulking beast.
You visited 1 branch of the dungeon, and saw 6 of its levels.

You collected 868 gold pieces.


Innate Abilities, Weirdness & Mutations

You are a hulking beast.
Your limbs bulge with bestial killing power. (Slay +4)
You cannot wear most types of armour.
You are amphibious.
You can wear up to eight rings at the same time.
Your skin changes colour to match your surroundings (Stealth+).
Your rubbery body absorbs attacks. (AC +1, EV +1)
((You are camouflaged when in or above water. (Stealth+)))
You have tentacles for arms and can constrict up to eight enemies at once.


   Skills:
 - Level 1.0 Fighting
 + Level 5.5 Dodging
 + Level 9.6 Stealth
 - Level 3.0(3.3) Unarmed Combat
 - Level 6.0 Shapeshifting


You had 7 spell levels left.
You didn't know any spells.
Your spell library contained the following spells:

 Spells                   Type           Power      Damage    Failure   Level
 Apportation              Tloc           0%         N/A       36%         1
 Necrotise                Necr           0%         1d4       36%         1
 Summon Small Mammal      Summ           0%         N/A       36%         1
 Cigotuvi's Dreadful Rot  Necr/Pois/Air  0%         N/A       50%         2
 Dispel Undead            Necr           0%         3d6       98%         4
 Death Channel            Necr           0%         N/A       100%        6
 Haunt                    Necr/Summ      0%         N/A       100%        7
 Borgnjor's Revivificati  Necr           0%         N/A       100%        8
 Death's Door             Necr           0%         N/A       100%        9

Inventory:

Jewellery
 f - a +4 ring of protection (left tentacle)
   (You found it on level 2 of the Dungeon)
 i - a ring of poison resistance (right tentacle)
   (You found it on level 2 of the Dungeon)
 j - the cursed ring of the Chained Seer (on tentacle) {Fly, Comp, Melee}
   (You found it on level 2 of the Dungeon)

   [ring of flight]

   Fly:       It grants you flight.
   It has a curse which improves the following skills: Companions: Summonings
   and Necromancy.
   Melee Combat: Short Blades, Long Blades, Axes, Maces & Flails, Polearms,
   Staves and Unarmed Combat.
 l - a ring of resist corrosion (on tentacle)
   (You found it on level 4 of the Dungeon)
 m - a ring of see invisible (on tentacle)
   (You found it on level 4 of the Dungeon)
 q - a ring of positive energy (on tentacle)
   (You found it on level 3 of the Dungeon)
Talismans
 b - a beast talisman (active)
 c - a flux talisman
Wands
 e - a wand of polymorph (5)
   (You found it on level 5 of the Dungeon)
Scrolls
 a - a scroll of immolation {unknown}
 g - a scroll of teleportation
 n - 2 scrolls of revelation {unknown}
 o - 2 scrolls of identify {unknown}
 r - a scroll of fear {unknown}
 s - 4 scrolls of vulnerability {unknown}
 t - 2 scrolls of fog
Potions
 d - 2 potions of cancellation
 p - a potion of attraction {unknown}
 u - a potion of enlightenment {unknown}
 v - a potion of might {unknown}

Dungeon Overview and Level Annotations

Branches:
Dungeon (6/15) Zot: 26781
 Temple: D:4-7

Altars:
Ashenzari
Cheibriados
Elyvilon
The Shining One

#.# #. ..##
#..###.. .##
...###.....! ...#
##......_....
#...##...........
#..............#
#.............c##
##.[...........h.#
#<.....<.........#
..#..............#
#..............#
##....†........#
#...........###
.## ##.....###..#
....
##..........##
....
#####.....####...#
.....


You could see a centaur.


Message History

You take 5 damage, and now have 34/48 hp.
You tentacle-slap the wight. Your squeeze misses the wight.
You constrict the wight.
The wight closely misses you. 😮 HP[+1] Unknown command.
You tentacle-slap the wight but do no damage.
You tentacle-slap the wight. You squeeze the wight.
You constrict the wight, but do no damage.
The wight completely misses you.
You tentacle-slap the wight. You constrict the wight.
You destroy the wight!
Unknown command.
Things that are here:
a +0 halberd; a +0 robe; 😮 HP[+1]
A wight comes into view.
It is wielding a +2 dire flail. 😎 HP[+12]
Your hp is fully restored (48).
A wight is nearby!
A wight is nearby!
The helpless wight fails to defend itself.
You bludgeon the wight! You grab the wight. You constrict the wight.
The wight closely misses you.
You tentacle-slap the wight but do no damage.
You squeeze the wight.
You constrict the wight, but do no damage.
The wight hits you with a +2 dire flail!
You partially resist.
You feel drained. 😮 HP[-13]
You now have 47 max hp (-1).
You take 13 damage, and now have 35/47 hp.
MASSIVE DAMAGE!! (PAUSE)
You tentacle-slap the wight but do no damage.
You constrict the wight, but do no damage.
The wight barely misses you.
You tentacle-slap the wight but do no damage.
You constrict the wight.
You destroy the wight!
Your life force feels restored.
Unknown command.
You now have 48 max hp (+1).
Things that are here:
a +2 dire flail; a +0 robe; 😎 HP[+13]
Your hp is fully restored (48).
A hound comes into view.
Unknown command.
A hound is nearby!
A hound is nearby!
The helpless hound fails to defend itself.
You bludgeon the hound! You grab the hound. You squeeze the hound.
You constrict the hound. The hound barely misses you.
You bludgeon the hound!
You kill the hound!
No target in view!
A centaur is nearby!
A centaur is nearby!
A centaur is nearby!
The centaur shouts!
The centaur wields a +1 shortbow of freezing.
It is covered in frost.
The centaur shoots an arrow.
The arrow barely misses you.
The centaur shoots an arrow.
The arrow hits you! The arrow freezes you. 😕 HP[-9]
You take 9 damage, and now have 39/48 hp.
The centaur shoots an arrow.
The arrow hits you! The arrow freezes you.
The centaur shoots an arrow.
The arrow misses you.
You are too injured to fight recklessly! 😮 HP[-10]
You take 10 damage, and now have 29/48 hp.
MASSIVE DAMAGE!! (PAUSE)
The centaur shoots an arrow.
The arrow closely misses you.
The centaur shoots an arrow.
The arrow hits you.
* * * LOW HITPOINT WARNING * * *
The arrow freezes you.
* * * LOW HITPOINT WARNING * * *
The centaur shoots an arrow.
The arrow hits you!
* * * LOW HITPOINT WARNING * * *
The arrow freezes you.
* * * LOW HITPOINT WARNING * * *
Unknown command. 😱 HP[-23]
You take 23 damage, and now have 6/48 hp.
MASSIVE DAMAGE!! (PAUSE) Unknown command.
The centaur unwields a +1 shortbow of freezing.
The centaur hits you but does no damage.
The centaur closely misses you.
Unknown command.
Okay, then.
You tentacle-slap the centaur.
The centaur hits you but does no damage.
The centaur closely misses you.
You tentacle-slap the centaur. The centaur hits you.
* * * LOW HITPOINT WARNING * * *
The centaur kicks you.
* * * LOW HITPOINT WARNING * * *
The centaur hits you.
* * * LOW HITPOINT WARNING * * *
The centaur kicks you.
You die...

Skill      XL: |  1  2  3  4  5  6  7  8 |
---------------+-------------------------+-----
Stealth        | 1 2 3 4 5 7 9 |  9.6
Shapeshifting  | 4 5 6 |  6.0
Dodging        | 3 5 |  5.5
Fighting       | |  1.0
Unarmed Combat | |  3.0

Action                     |  1- 3 |  4- 6 |  7- 9 || total
---------------------------+-------+-------+-------++-------
  Melee: Unarmed           |    64 |   136 |    96 ||   296
         Constrict         |    18 |    40 |    26 ||    84
         Tentacles         |    12 |    26 |    29 ||    67
         Punch             |     1 |     8 |     2 ||    11
 Invoke: Curse Item        |       |       |     1 ||     1
    Use: Scroll            |       |     5 |       ||     5
         Potion            |       |     3 |     4 ||     7
   Stab: Sleeping          |    10 |    10 |     8 ||    28
 Armour: Skin              |     9 |    36 |    24 ||    69
  Dodge: Dodged            |    32 |    99 |    61 ||   192

Levels and vault maps discovered:
D:1:      lemuel_arrival_broad_hall, layout_basic
D:2:      layout_loops_ring, basic_altar
D:3:      layout_loops_corners, nicolae_ashenzari_skybound, uniq_natasha,
          uniq_terence
D:4:      layout_cave_pools, nicolae_overflow_crystal_walls,
          nicolae_letterblocks [nicolae_letter_subblock,
          nicolae_letter_subblock, nicolae_letter_subblock,
          nicolae_letter_subblock, nicolae_letter_subblock,
          nicolae_letter_subblock, nicolae_letter_subblock,
          nicolae_letter_subblock, nicolae_letter_subblock,
          nicolae_letter_subblock, nicolae_letter_subblock,
          nicolae_letter_subblock, nicolae_letter_subblock,
          nicolae_letter_subblock, nicolae_letter_subblock,
          nicolae_letter_subblock, nicolae_letter_subblock,
          nicolae_letter_subblock, nicolae_letter_subblock,
          nicolae_letter_subblock, nicolae_letter_subblock,
          nicolae_letter_subblock, nicolae_letter_subblock,
          nicolae_letter_subblock, nicolae_letter_subblock]
D:5:      layout_basic
D:6:      layout_layer_cave, cheibriados_altar_1, zin_scriptorium

Notes
Turn   | Place    | Note
-------+----------+-------------------------------------------
     0 | D:1      | ytrimaz the Octopode Shapeshifter began the quest for the
                  | Orb.
     0 | D:1      | Reached XP level 1. HP: 13/13 MP: 1/1
     0 | D:1      | magus.rc [v1.9.6]
    81 | D:1      | Reached skill level 1 in Stealth
    96 | D:1      | Reached XP level 2. HP: 18/18 MP: 2/2
   477 | D:1      | You add the spells Haunt, Borgnjor's Revivification and
                  | Death's Door to your library.
   704 | D:2      | Reached skill level 2 in Stealth
   704 | D:2      | Reached XP level 3. HP: 23/23 MP: 3/3
   891 | D:2      | Found a glowing golden altar of the Shining One.
  1105 | D:2      | Reached XP level 4. HP: 24/28 MP: 4/4
  1278 | D:2      | Reached skill level 4 in Shapeshifting
  1568 | D:3      | Reached skill level 3 in Stealth
  1609 | D:3      | Noticed Terence
  1618 | D:3      | Killed Terence
  1665 | D:3      | Found a broken altar of Ashenzari.
  1943 | D:3      | Reached XP level 5. HP: 33/33 MP: 5/5
  2077 | D:3      | Noticed Natasha
  2082 | D:3      | Killed Natasha
  2320 | D:3      | Became a worshipper of Ashenzari the Shackled
  2489 | D:3      | Identified a scroll of acquirement
  2489 | D:3      | Acquired 717 gold pieces
  2519 | D:4      | Reached skill level 4 in Stealth
  2576 | D:4      | Identified the +0 robe of Ennui {rElec Slay+5}
  2584 | D:4      | HP: 8/33 [orc/+0 whip (3)]
  2711 | D:4      | You pick up a book of Cantrips and begin reading...
  2711 | D:4      | You add the spells Necrotise, Summon Small Mammal and
                  | Apportation to your library.
  2726 | D:4      | Found a white marble altar of Elyvilon.
  2824 | D:4      | Reached XP level 6. HP: 33/38 MP: 6/6
  3022 | D:4      | Reached skill level 5 in Shapeshifting
  3103 | D:4      | You pick up a book of Decay and begin reading...
  3103 | D:4      | You add the spells Cigotuvi's Dreadful Rot, Dispel Undead
                  | and Death Channel to your library.
  3116 | D:4      | Reached skill level 5 in Stealth
  3277 | D:4      | HP: 13/54 [gnoll/+0 spear[a gnoll bouda] (4)]
  3513 | D:5      | Entered Level 5 of the Dungeon
  3546 | D:5      | Reached XP level 7. HP: 42/42 MP: 7/7
  3696 | D:5      | Reached skill level 6 in Stealth
  3696 | D:5      | Reached skill level 6 in Shapeshifting
  3857 | D:5      | Noticed a hornet
  3874 | D:5      | HP: 8/43 [hornet (10)]
  3877 | D:5      | Killed a hornet
  3878 | D:5      | Reached skill level 3 in Dodging
  3878 | D:5      | Reached skill level 7 in Stealth
  3878 | D:5      | Reached XP level 8. HP: 26/48 MP: 8/8
  4144 | D:5      | Reached skill level 4 in Dodging
  4144 | D:5      | Reached skill level 8 in Stealth
  4601 | D:6      | Found a snail-covered altar of Cheibriados.
  4624 | D:6      | Reached skill level 5 in Dodging
  4624 | D:6      | Reached skill level 9 in Stealth
  4817 | D:6      | HP: 11/48 [centaur/arrow (12)]
  4820 | D:6      | HP: 5/48 [centaur (1)]
  4820 | D:6      | HP: 2/48 [centaur (1)]
  4820 | D:6      | Slain by a centaur

Vanquished Creatures
  A hornet (D:5)
  An ice beast (D:6)
  2 black bears (D:5)
  A scorpion (D:5)
  3 wights (D:6)
  5 hounds
  3 orc priests
  2 gnoll boudas
  An iguana (D:5)
  Natasha (D:3)
  6 orc wizards
  Terence (D:3)
  8 gnolls
  7 adders
  A white imp (D:4)
  3 worms
  4 dart slugs
  29 orcs
  5 bats
  6 endoplasms
  6 goblins
  7 hobgoblins
  3 jackals (D:2)
  3 quokkas
  5 ball pythons
  3 frilled lizards (D:1)
  5 kobolds
  3 rats
125 creatures vanquished.

Table legend:
 A = Non-vault XP
 B = Vault XP
 C = Vault XP percentage of total XP
 D = Non-vault monster count
 E = Vault monster count
 F = Vault count percentage of total count
                 A         B        C        D         E       F
            +---------+---------+-------+---------+---------+-------
      Total |    2043 |      68 |   3.2 |     123 |       2 |   1.6
            +---------+---------+-------+---------+---------+-------
        D:1 |      30 |       0 |   0.0 |      17 |       0 |   0.0
        D:2 |      69 |       0 |   0.0 |      17 |       0 |   0.0
        D:3 |      52 |      68 |  56.7 |      12 |       2 |  14.3
        D:4 |     396 |       0 |   0.0 |      41 |       0 |   0.0
        D:5 |    1053 |       0 |   0.0 |      30 |       0 |   0.0
        D:6 |     443 |       0 |   0.0 |       6 |       0 |   0.0
            +---------+---------+-------+---------+---------+-------

Skill      XL: |  1  2  3  4  5  6  7  8 |
---------------+-------------------------+-----
Stealth        | 1 2 3 4 5 7 9 |  9.6
Shapeshifting  | 4 5 6 |  6.0
Dodging        | 3 5 |  5.5
Fighting       | |  1.0
Unarmed Combat | |  3.0

Action                     |  1- 3 |  4- 6 |  7- 9 || total
---------------------------+-------+-------+-------++-------
  Melee: Unarmed           |    64 |   136 |    96 ||   296
         Constrict         |    18 |    40 |    26 ||    84
         Tentacles         |    12 |    26 |    29 ||    67
         Punch             |     1 |     8 |     2 ||    11
 Invoke: Curse Item        |       |       |     1 ||     1
    Use: Scroll            |       |     5 |       ||     5
         Potion            |       |     3 |     4 ||     7
   Stab: Sleeping          |    10 |    10 |     8 ||    28
 Armour: Skin              |     9 |    36 |    24 ||    69
  Dodge: Dodged            |    32 |    99 |    61 ||   192

Illustrated notes

Table legend:
 A = Kills in this place as a percentage of kills in the entire game.
 B = Kills by you in this place as a percentage of kills by you in the entire game.
 C = Kills by friends in this place as a percentage of kills by friends in the entire game.
 D = Other kills in this place as a percentage of other kills in the entire game.
 E = Experience gained in this place as a percentage of experience gained in the entire game.
 F = Experience gained in this place divided by the number of levels of this place that you have seen.
                   A       B       C       D       E      F
               +-------+-------+-------+-------+-------+----------------------
         Total | 100.0 | 100.0 |   N/A |   N/A | 100.0 | 351.8
       Dungeon | 100.0 | 100.0 |   N/A |   N/A | 100.0 | 351.8
               +-------+-------+-------+-------+-------+----------------------

Table legend: (Time is in decaauts)
 A = Elapsed time spent in this place.
 B = Non-inter-level travel time spent in this place.
 C = Inter-level travel time spent in this place.
 D = Time resting spent in this place.
 E = Time spent auto-exploring this place.
 F = Levels seen in this place.
 G = Mean time per level.
                   A        B        C        D        E       F      G
               +--------+--------+--------+--------+--------+-----+--------+
         Total |   4819 |   4688 |    131 |    179 |   3621 |   6 |  803.2 |
       Dungeon |   4819 |   4688 |    131 |    179 |   3621 |   6 |  803.2 |
               +--------+--------+--------+--------+--------+-----+--------+

Top non-repeatable levels by time:
     D:5: 1095 daAuts
     D:4: 1007 daAuts
     D:3: 992 daAuts
     D:2: 823 daAuts
     D:1: 684 daAuts
     D:6: 217 daAuts
